 Dungeon Crawl Stone Soup version 0.27-a0-1186-g8b4daa1eef (webtiles) character file.

Game seed: 17362107263418902738

235 leviel the Chopper (level 5, 0/48 HPs)
             Began as a Minotaur Fighter on May 19, 2021.
             Slain by Pikel
             ... wielding a +1 whip of flaming
              (4 damage)
             ... on level 3 of the Dungeon.
             The game lasted 00:02:42 (2851 turns).

leviel the Chopper (Minotaur Fighter)               Turns: 2851, Time: 00:02:42

Health: 0/48       AC:  8    Str: 21    XL:     5   Next: 76%
Magic:  4/4        EV:  7    Int:  5    God:
Gold:   202        SH:  9    Dex: 10    Spells: 4/4 levels left

rFire    . . .     SeeInvis .   a - +0 war axe
rCold    . . .     Faith    .   c - +0 kite shield
rNeg     . . .     Spirit   .   b - +0 scale mail
rPois    .         Reflect  .   (helmet restricted)
rElec    .         Harm     .   (no cloak)
rCorr    .         Rampage  .   l - +0 pair of gloves
Will     .....                  (no boots)
Stlth    ..........             (no amulet)
HPRegen  0.16/turn              (no ring)
MPRegen  0.09/turn              (no ring)

@: mighty
A: horns 2, retaliatory headbutt
a: no special abilities


You were on level 3 of the Dungeon.
You visited 1 branch of the dungeon, and saw 4 of its levels.

You collected 202 gold pieces.

Inventory:

Hand Weapons
 a - a +0 war axe (weapon)
Armour
 b - a +0 scale mail (worn)
 c - a +0 kite shield (worn)
 l - a +0 pair of gloves (worn)
Wands
 q - a wand of flame (17)
Scrolls
 f - a scroll of torment {unknown}
 h - 2 scrolls of teleportation {unknown}
 i - a scroll of brand weapon {unknown}
 m - a scroll of identify {unknown}
 n - a scroll of fog {unknown}
 o - a scroll of enchant weapon {unknown}
Potions
 d - a potion of might
 e - 2 potions of curing {unknown}
 g - 2 potions of cancellation {unknown}
 j - 2 potions of haste {unknown}
 k - a potion of heal wounds {unknown}
 p - a potion of degeneration {unknown}


   Skills:
 + Level 5.2 Fighting
 * Level 6.0 Axes
 - Level 3.8 Armour
 - Level 3.8 Shields


You had 4 spell levels left.
You didn't know any spells.
Your spell library was empty.

Dungeon Overview and Level Annotations

Branches:
Dungeon (4/15)
 Temple: D:4-7

Altars:
Dithmenos
Yredelemnul

Shops:
D:3 [

Annotations:
D:3 Pikel


Innate Abilities, Weirdness & Mutations

You have a pair of horns on your head.
You reflexively headbutt those who attack you in melee.


Message History

Pikel waves his whip at you.
Pikel hits you with a +1 whip of flaming.
Pikel burns you.
You slash Pikel!
Pikel is moderately wounded.
Pikel hits you with a +1 whip of flaming.
Pikel burns you. You block Pikel's attack.
You completely miss Pikel.
Pikel is moderately wounded.
Pikel hits you with a +1 whip of flaming!
Pikel burns you.
* * * LOW HITPOINT WARNING * * *
Your shield prevents you from hitting Pikel.
Pikel is moderately wounded.
Pikel hits you with a +1 whip of flaming.
* * * LOW HITPOINT WARNING * * *
Pikel burns you.
* * * LOW HITPOINT WARNING * * *
You feel very mighty all of a sudden. You block Pikel's attack.
You slash Pikel! Your headbutt misses Pikel.
Pikel is severely wounded.
Pikel misses you. You furiously retaliate!
You headbutt Pikel.
Pikel hits you with a +1 whip of flaming.
* * * LOW HITPOINT WARNING * * *
Pikel burns you.
* * * LOW HITPOINT WARNING * * *
You barely miss Pikel.
Pikel is almost dead.
Pikel hits you with a +1 whip of flaming.
* * * LOW HITPOINT WARNING * * *
Pikel burns you.
* * * LOW HITPOINT WARNING * * *
You barely miss Pikel. Your headbutt misses Pikel.
Pikel is almost dead.
Pikel hits you but does no damage. You block Pikel's attack.
You barely miss Pikel.
Pikel is almost dead.
Pikel hits you with a +1 whip of flaming.
You die...

#.# #.##..#....###.#........
#.####.##..#.##.# #.#........
#....#.##.......# #.#........
####.#.......######.#........
#.###.....# #...#........
#.#....<..####.#.#........
#.#...#........#.#########
#.###.#.....[).#........).
#.###.#..@..#.#######.#.##
#.....###K..#...........#
#######.....########.####
#.#.#...# #.# #.......####
#.# ###.###....###.#
#...#......#.# ###.####.#.#.#
#........#...#


You could see Pikel.

Vanquished Creatures
  A lemure (D:3)
  An orc priest (D:3)
  Terence (D:3)
  An orc wizard (D:4)
  Robin (D:2)
  4 adders
  2 worms
  2 dart slugs
  8 orcs
  5 ball pythons
  5 endoplasms
  2 giant cockroaches (D:1)
  17 goblins
  5 hobgoblins
  14 jackals
  3 quokkas
  A bat (D:2)
  3 frilled lizards
  5 kobolds
  3 rats
84 creatures vanquished.

Notes
Turn   | Place    | Note
-------+----------+-------------------------------------------
     0 | D:1      | leviel the Minotaur Fighter began the quest for the Orb.
     0 | D:1      | Reached XP level 1. HP: 19/19 MP: 0/0
   141 | D:1      | Reached XP level 2. HP: 26/27 MP: 1/1
   175 | D:1      | Reached skill level 3 in Axes
   333 | D:1      | Found a faded altar of an unknown god.
   419 | D:1      | Reached XP level 3. HP: 33/33 MP: 2/2
  1043 | D:2      | Noticed Robin
  1045 | D:2      | Reached skill level 4 in Axes
  1053 | D:2      | Killed Robin
  1054 | D:2      | Reached XP level 4. HP: 22/41 MP: 3/3
  1228 | D:2      | Found a shadowy altar of Dithmenos.
  2062 | D:3      | Found a basalt altar of Yredelemnul.
  2100 | D:3      | Reached skill level 5 in Axes
  2207 | D:3      | Found Mow Qeen's Antique Armour Emporium.
  2208 | D:3      | Noticed Terence
  2218 | D:3      | Killed Terence
  2219 | D:3      | Reached XP level 5. HP: 32/47 MP: 4/4
  2385 | D:3      | Reached skill level 5 in Fighting
  2670 | D:4      | Reached skill level 6 in Axes
  2674 | D:4      | Noticed a lemure
  2675 | D:4      | Noticed Pikel
  2685 | D:3      | Killed a lemure
  2851 | D:3      | Slain by Pikel

Illustrated notes

Levels and vault maps discovered:
D:1:      dpeg_arrival_oval, layout_basic, hellmonk_ecumenical_altar_run_dry,
          kennysheep_small_spiral
D:2:      layout_loops_ring, basic_altar, uniq_robin
D:3:      layout_basic, lemuel_round_altar, serial_shops, shop_coins,
          minivault_25, uniq_terence
D:4:      layout_gridville, guppyfry_early_orc_mine, uniq_pikel,
          uniq_crazy_yiuf_cottage

Skill      XL: |  1  2  3  4  5 |
---------------+----------------+-----
Axes           | 3 4 5 6 |  6.0
Fighting       | 4 5 |  5.2
Armour         | |  3.8
Shields        | |  3.8

Action                   |  1- 3 |  4- 6 || total
-------------------------+-------+-------++-------
Melee: War axe           |    72 |    76 ||   148
       Headbutt          |     4 |    13 ||    17
  Use: Potion            |       |     1 ||     1
Armor: Scale mail        |    48 |    27 ||    75
Dodge: Dodged            |    38 |    23 ||    61
Block: Kite shield       |    47 |    35 ||    82

Table legend: (Time is in decaauts)
 A = Elapsed time spent in this place.
 B = Non-inter-level travel time spent in this place.
 C = Inter-level travel time spent in this place.
 D = Time resting spent in this place.
 E = Time spent auto-exploring this place.
 F = Levels seen in this place.
 G = Mean time per level.
                   A        B        C        D        E       F      G
               +--------+--------+--------+--------+--------+-----+--------+
         Total |   2928 |   2853 |     75 |    151 |   2313 |   4 |  732.0 |
       Dungeon |   2928 |   2853 |     75 |    151 |   2313 |   4 |  732.0 |
               +--------+--------+--------+--------+--------+-----+--------+

Top non-repeatable levels by time:
     D:1: 1057 daAuts
     D:2: 961 daAuts
     D:3: 877 daAuts
     D:4: 32 daAuts
